 Dungeon Crawl Stone Soup version 0.22.0-27-ga576289601 (webtiles) character file.

851 MirrMurr the Slinger (level 8, -1/52 HPs)
             Began as a Halfling Hunter on Aug 21, 2018.
             Was a Follower of Okawaru.
             Slain by an orc warrior
             ... wielding a +0 hand axe
              (9 damage)
             ... on level 5 of the Dungeon.
             The game lasted 00:10:39 (5018 turns).

MirrMurr the Slinger (Halfling Hunter)              Turns: 5018, Time: 00:10:39

Health: -1/52      AC: 10    Str: 18    XL:     8   Next: 21%
Magic:  8/8        EV: 11    Int:  9    God:    Okawaru [*.....]
Gold:   217        SH:  7    Dex: 15    Spells: 7/7 levels left

rFire    + + +     SeeInvis .   b - +0 dagger (elec)
rCold    + + .     Gourm    .   u - +2 buckler {rC+ rF+}
rNeg     . . .     Faith    .   k - +0 chain mail
rPois    +         Spirit   .   y - +0 helmet
rElec    +         Reflect  .   (no cloak)
rCorr    +         Harm     .   (no gloves)
MR       .....                  (no boots)
Stlth    ..........             (no amulet)
HPRegen  0.17/turn              t - +3 ring of strength
MPRegen  0.11/turn              D - ring of protection from fire

@: resistant
A: small, mutation resistance 1
a: Heroism, Renounce Religion


You were on level 5 of the Dungeon.
You worshipped Okawaru.
Okawaru was aware of your devotion.
You were hungry.

You visited 2 branches of the dungeon, and saw 7 of its levels.

You collected 217 gold pieces.

Inventory:

Hand Weapons
 a - a +1 hunting sling
 b - a +0 dagger of electrocution (weapon)
 j - a +2 dagger of venom
 w - a +0 rapier
Missiles
 d - 41 sling bullets
 e - 163 stones (quivered)
 i - a tomahawk
 l - a throwing net {!f}
 p - 13 poisoned needles
 A - 4 tomahawks of returning
Armour
 k - a +0 chain mail (worn)
 u - a +2 buckler of resistance (worn)
 y - a +0 helmet (worn)
Jewellery
 t - a +3 ring of strength (left hand)
 z - a +5 ring of evasion {unknown}
 D - a ring of protection from fire (right hand)
Wands
 B - a wand of digging (17)
Scrolls
 h - 5 scrolls of teleportation
 n - a scroll of magic mapping
 r - 3 scrolls of remove curse
Potions
 c - a potion of cancellation {unknown}
 m - a potion of might
 o - 2 potions of mutation
 q - 2 potions of heal wounds
 s - a potion of flight
 x - a potion of lignification
 E - a potion of ambrosia {unknown}
Comestibles
 f - 12 rations


   Skills:
 + Level 3.4 Fighting
 + Level 3.5 Short Blades
 * Level 9.0 Slings
 + Level 3.5 Armour
 + Level 4.1 Dodging
 - Level 1.1 Stealth
 + Level 3.0 Shields


You had 7 spell levels left.
You didn't know any spells.
Your spell library contained the following spells:

 Spells                   Type           Power        Failure   Level  Hunger
 Confusing Touch          Hex            #.....       100%        1    ##.....
 Confuse                  Hex            #.......     100%        3    ####...
 Gell's Gravitas          Tloc           #.........   100%        3    ####...
 Petrify                  Tmut/Erth      #.......     100%        4    #####..
 Metabolic Englaciation   Hex/Ice        #.........   100%        5    ######.
 Yara's Violent Unravell  Hex/Tmut       #.........   100%        5    ######.


Dungeon Overview and Level Annotations

Branches:
Dungeon (6/15)             Temple (1/1) D:5

Altars:
Dithmenos
Fedhas
Hepliaklqana
Nemelex Xobeh
Okawaru
Qazlal
Ru
Sif Muna
Uskayaw
Vehumet
Xom

Annotations:
D:2 1 runed door yiuf


Innate Abilities, Weirdness & Mutations

You are small and have problems with some larger weapons.
You are somewhat resistant to further mutation.


Message History

You are too injured to fight recklessly!
You are too injured to fight recklessly!
You are too injured to fight recklessly!
You are too injured to fight recklessly!
You are too injured to fight recklessly!
You fail to use your ability.
You hit the orc warrior but do no damage.
The orc warrior hits you with a hand axe.
* * * LOW HITPOINT WARNING * * *
You closely miss the orc warrior. The orc warrior closely misses you.
You hit the orc warrior but do no damage.
You hit the orc warrior but do no damage.
The orc warrior closely misses you.
You hit the orc warrior.
The orc warrior is lightly wounded.
The orc warrior hits you with a hand axe!
* * * LOW HITPOINT WARNING * * *
You feel protected.
The orc warrior hits you with a hand axe!
You die...

# #.#####..# #.##.###. #
#........# ##.##.# #. ###
######..>#######.....# #. ..#
#.............##.###.# #. #.#
#.####...####.##.###.# ## #.###
#.# ##.## #.#...##.# #...# #.#
#.# ##......#.# ###.# #.#
#.####.........# # #.# #.##
#.@o.........#.# # #.# #..#
#######.#......# ##########.##
#.#####..#
#...#...#...#########........##
#.⌠...⌠.÷.⌠.#.................###
#...#...#...##########..###......
######.###### ####..#_#...###
#...#.÷.#...# #.....#'#..## #
#.⌠...⌠...⌠.# #.##......## #


You could see an orc warrior.

Vanquished Creatures
  Eustachio (D:4)
  A black bear (D:5)
  An ogre (D:5)
  A bullfrog (D:5)
  A crimson imp (D:5)
  A jelly (D:5)
  An orc priest (D:6)
  A bullfrog skeleton (D:5)
  A centaur skeleton (D:5)
  An iguana (D:4)
  A worker ant (D:5)
  2 hound skeletons (D:4)
  Robin (D:3)
  9 adders
  2 shadow imps (D:5)
  An ooze (D:5)
  An adder zombie (D:5)
  2 adder skeletons (D:4)
  2 worms (D:2)
  2 dart slugs
  4 leopard geckos
  9 orcs
  2 giant cockroaches
  18 goblins
  9 hobgoblins
  12 jackals
  6 kobolds
  3 ball pythons
  8 bats
  5 frilled lizards
  5 rats
114 creatures vanquished.

Notes
Turn   | Place    | Note
-------+----------+-------------------------------------------
     0 | D:1      | MirrMurr the Halfling Hunter began the quest for the Orb.
     0 | D:1      | Reached XP level 1. HP: 14/14 MP: 1/1
    14 | D:1      | Reached skill level 6 in Slings
    17 | D:1      | Reached XP level 2. HP: 18/19 MP: 2/2
   275 | D:1      | Reached skill level 1 in Armour
   396 | D:1      | Reached XP level 3. HP: 24/24 MP: 3/3
   785 | D:1      | Reached skill level 1 in Short Blades
  1351 | D:2      | Found a runed door.
  1517 | D:2      | Reached XP level 4. HP: 27/29 MP: 4/4
  2144 | D:3      | Found a hazy altar of Hepliaklqana.
  2268 | D:3      | Noticed Robin
  2321 | D:3      | Reached XP level 5. HP: 35/35 MP: 5/5
  2336 | D:3      | Killed Robin
  2376 | D:3      | Reached skill level 7 in Slings
  3272 | D:4      | Reached skill level 1 in Shields
  3371 | D:4      | Reached XP level 6. HP: 41/41 MP: 6/6
  3544 | D:4      | Found a sacrificial altar of Ru.
  3544 | D:4      | Found a faded altar of an unknown god.
  3549 | D:4      | Found a shimmering altar of Xom.
  3551 | D:4      | Found a faded altar of an unknown god.
  3561 | D:4      | Found a sparkling altar of Nemelex Xobeh.
  3719 | D:4      | Noticed Eustachio
  3749 | D:4      | Killed Eustachio
  3749 | D:4      | Reached XP level 7. HP: 37/45 MP: 7/7
  4076 | D:5      | Entered Level 5 of the Dungeon
  4081 | D:5      | Reached skill level 8 in Slings
  4093 | D:5      | Found a blossoming altar of Fedhas.
  4252 | D:5      | Found a hide-covered altar of Uskayaw.
  4329 | D:5      | Found a staircase to the Ecumenical Temple.
  4335 | Temple   | Entered the Ecumenical Temple
  4353 | Temple   | Became a worshipper of Warmaster Okawaru
  4709 | D:5      | Reached XP level 8. HP: 52/52 MP: 8/8
  4772 | D:5      | Reached * piety under Okawaru
  4987 | D:6      | Reached skill level 9 in Slings
  5018 | D:5      | Slain by an orc warrior

Skill      XL: |  1  2  3  4  5  6  7  8 |
---------------+-------------------------+-----
Slings         | 6 7 8 9 |  9.0
Armour         | 1 2 3 |  3.5
Fighting       | 2 3 |  3.4
Short Blades   | 1 2 3 |  3.5
Dodging        | 3 4 |  4.1
Shields        | 1 2 3 |  3.0
Stealth        | |  1.1

Action                   |  1- 3 |  4- 6 |  7- 9 || total
-------------------------+-------+-------+-------++-------
Melee: Short sword       |    60 |    36 |       ||    96
       Dagger            |       |    83 |    69 ||   152
 Fire: Hunting sling     |   100 |   123 |    39 ||   262
  Use: Scroll            |     5 |     4 |     3 ||    12
       Potion            |       |       |     1 ||     1
  Eat: Chunk             |     2 |     7 |     3 ||    12
Armor: Leather armour    |     3 |       |       ||     3
       Chain mail        |    26 |    49 |    21 ||    96
Dodge: Dodged            |    37 |    52 |    26 ||   115
Block: Buckler           |       |    36 |    19 ||    55
